 Dungeon Crawl Stone Soup version 0.26-a0-490-gf8362a0c98 (webtiles) character file.

Game seed: 15458352446109082936

851 Devinter the Archer (level 7, -4/38 HPs)
             Began as a Deep Elf Arcane Marksman on Aug 4, 2020.
             Slain by an ogre
             ... wielding a +0 giant club
              (25 damage)
             ... on level 6 of the Dungeon.
             The game lasted 00:43:30 (5444 turns).

Devinter the Archer (Deep Elf Arcane Marksman)      Turns: 5444, Time: 00:43:31

Health: -4/38      AC:  5    Str:  7    XL:     7   Next: 69%
Magic:  16/16      EV: 13    Int: 18    God:
Gold:   87         SH:  0    Dex: 17    Spells: 6/16 levels left

rFire    + . .     SeeInvis .   a - +0 shortbow
rCold    . . .     Faith    .   (shield currently unavailable)
rNeg     . . .     Spirit   .   r - +2 robe {MR+}
rPois    .         Reflect  .   k - +0 helmet
rElec    .         Harm     .   F - scarf {+Inv}
rCorr    .                      (no gloves)
MR       +....                  (no boots)
Stlth    ++........             (no amulet)
HPRegen  0.12/turn              l - ring of protection from fire
MPRegen  0.15/turn              p - +4 ring of slaying

@: no status effects
A: no striking features
a: Evoke Invisibility


You were on level 6 of the Dungeon.
You visited 1 branch of the dungeon, and saw 6 of its levels.

You collected 285 gold pieces.
You spent 198 gold pieces at shops.

Inventory:

Hand Weapons
 a - a +0 shortbow (weapon)
 f - a +0 dagger
 q - a +0 quarterstaff
 s - a +1 dagger of chaos
Missiles
 d - 31 arrows (quivered)
 t - 3 javelins
 x - 39 bolts
 z - 11 poisoned darts
Armour
 h - a +0 buckler
 k - a +0 helmet (worn)
 r - a +2 robe of magic resistance (worn)
 E - a +1 ring mail of fire resistance
 F - a scarf of invisibility (worn)
Jewellery
 b - an uncursed ring of stealth
 l - a ring of protection from fire (left hand)
 n - an uncursed ring of stealth
 p - a +4 ring of slaying (right hand)
Wands
 c - a wand of random effects (12)
Scrolls
 e - 3 scrolls of identify {unknown}
 j - 2 scrolls of magic mapping {unknown}
 m - 2 scrolls of teleportation {unknown}
 o - a scroll of amnesia {unknown}
 u - a scroll of enchant armour {unknown}
 w - a scroll of remove curse
 y - 2 scrolls of blinking
 G - a scroll of random uselessness {unknown}
Potions
 g - a potion of lignification {unknown}
 i - 2 potions of might {unknown}
 v - 2 potions of degeneration
 A - 2 potions of curing
 B - a potion of stabbing
 C - 4 potions of flight
 D - a potion of brilliance


   Skills:
 - Level 1.0 Fighting
 * Level 9.3 Bows
 - Level 3.0 Dodging
 - Level 5.0 Spellcasting
 - Level 5.0 Hexes
 + Level 2.6 Translocations


You had 6 spell levels left.
You knew the following spells:

 Your Spells              Type           Power        Failure   Level
a - Corona                Hex            ###....      1%          1
b - Slow                  Hex            ###.....     2%          2
c - Portal Projectile     Hex/Tloc       ###...       9%          3
d - Cause Fear            Hex            ###.......   17%         4

Your spell library contained the following spells:

 Spells                   Type           Power        Failure   Level
 Inner Flame              Hex/Fire       ##......     14%         3
 Leda's Liquefaction      Hex/Erth       ##........   43%         4


Dungeon Overview and Level Annotations

Branches:
Dungeon (6/15)
 Temple: D:4-7

Altars:
Fedhas
Kikubaaqudgha
Xom
Yredelemnul

Shops:
D:5 [![(


Message History

Aim: an ogre, wielding a +0 giant club (heavily wounded, slow)
You shoot an arrow. The arrow hits the ogre.
The ogre is severely wounded.
Firing (i - inventory. (/) - cycle)
d - 34 arrows (quivered)
Press: ? - help, Shift-Dir - straight line, f/p - ogre
Aim: an ogre, wielding a +0 giant club (severely wounded, slow)
You shoot an arrow. The arrow hits the ogre!
The ogre is almost dead.
Firing (i - inventory. (/) - cycle)
d - 33 arrows (quivered)
Press: ? - help, Shift-Dir - straight line, f/p - ogre
Aim: an ogre, wielding a +0 giant club (almost dead, slow)
You shoot an arrow. The arrow hits the ogre.
The ogre is almost dead.
Firing (i - inventory. (/) - cycle)
d - 32 arrows (quivered)
Press: ? - help, Shift-Dir - straight line, f/p - ogre
Aim: an ogre, wielding a +0 giant club (almost dead, slow)
You shoot an arrow. The arrow barely misses the ogre.
The ogre hits you with a +0 giant club!!
Ouch! That really hurt!
You die...

#.... #.... ..# #...
... #..# #.# #######..#
#.# ..((..#..# #.#
..###(#..####.#
#..........##.#########
#.#......#(..((O@.....#
#.###....#.##.#######+#
#+# ####.#..<(#
#.####.# #.####.#
#......# ########


You could see an ogre (slow).

Vanquished Creatures
  Sigmund (D:3)
  An ogre (D:5)
  2 sky beasts (D:5)
  4 crimson imps (D:3)
  2 iguanas
  3 worker ants
  A worker ant zombie (D:5)
  5 adders
  A shadow imp (D:5)
  An ooze (D:1)
  An adder zombie (D:5)
  3 worms (D:2)
  4 dart slugs (D:2)
  3 leopard geckos
  An orc (D:3)
  4 ball pythons
  4 giant cockroaches
  5 goblins (D:2)
  11 hobgoblins
  4 jackals
  4 quokkas
  7 bats
  A frilled lizard (D:2)
  A jackal skeleton (D:4)
  5 kobolds
  9 rats
88 creatures vanquished.

Notes
Turn   | Place    | Note
-------+----------+-------------------------------------------
     0 | D:1      | Devinter the Deep Elf Arcane Marksman began the quest for
                  | the Orb.
     0 | D:1      | Reached XP level 1. HP: 11/11 MP: 5/5
   160 | D:1      | Reached skill level 3 in Bows
   254 | D:1      | Reached XP level 2. HP: 5/16 MP: 3/6
   282 | D:1      | Learned a level 2 spell: Slow
   622 | D:1      | Reached skill level 1 in Fighting
   788 | D:1      | Reached skill level 2 in Spellcasting
  1080 | D:2      | Found a basalt altar of Yredelemnul.
  1236 | D:2      | Reached XP level 3. HP: 19/20 MP: 8/8
  1327 | D:2      | Reached skill level 3 in Dodging
  1432 | D:2      | Reached skill level 4 in Bows
  1692 | D:2      | Reached XP level 4. HP: 25/25 MP: 10/10
  1935 | D:3      | Found a shimmering altar of Xom.
  1963 | D:3      | Reached skill level 3 in Spellcasting
  1971 | D:3      | Reached skill level 5 in Bows
  1971 | D:3      | Reached skill level 5 in Hexes
  1971 | D:3      | Reached XP level 5. HP: 18/29 MP: 1/12
  2327 | D:3      | Noticed Sigmund
  2346 | D:3      | Killed Sigmund
  2346 | D:3      | Reached skill level 6 in Bows
  2346 | D:3      | Reached skill level 4 in Spellcasting
  2346 | D:3      | Reached XP level 6. HP: 3/34 MP: 8/14
  3000 | D:3      | Reached skill level 7 in Bows
  3687 | D:3      | Reached skill level 5 in Spellcasting
  3872 | D:3      | Learned a level 3 spell: Portal Projectile
  3877 | D:3      | Learned a level 4 spell: Cause Fear
  4205 | D:4      | Found an ancient bone altar of Kikubaaqudgha.
  4207 | D:4      | Found a blossoming altar of Fedhas.
  4238 | D:4      | Reached XP level 7. HP: 30/38 MP: 14/16
  4282 | D:4      | Reached skill level 8 in Bows
  4495 | D:5      | Entered Level 5 of the Dungeon
  4558 | D:5      | Found Sunaghorch's Distillery.
  4582 | D:5      | Reached skill level 1 in Translocations
  4624 | D:5      | Bought a potion of degeneration for 11 gold pieces
  4624 | D:5      | Bought a potion of curing for 33 gold pieces
  4624 | D:5      | Bought a potion of curing for 33 gold pieces
  4624 | D:5      | Bought a potion of stabbing for 44 gold pieces
  4624 | D:5      | Bought a potion of flight for 33 gold pieces
  4624 | D:5      | Bought a potion of brilliance for 44 gold pieces
  4765 | D:5      | Reached skill level 2 in Translocations
  4860 | D:5      | Reached skill level 9 in Bows
  4921 | D:5      | Found Emneff's Weapon Emporium.
  5064 | D:5      | Found Ucreross's Antique Armour Shop.
  5326 | D:5      | Found Amoceje's Antique Armour Boutique.
  5444 | D:6      | Slain by an ogre

Illustrated notes

Levels and vault maps discovered:
D:1:      giann_bridges, layout_basic
D:2:      minmay_chambers_of_twos, layout_basic, lemuel_crystal_altar
D:3:      layout_basic, led_xom_imps, lemuel_flame_loot_1, uniq_sigmund
D:4:      layout_rooms, grunt_temple_overflow_growth_and_decay
D:5:      layout_loops_corners, serial_shops, shop, nicolae_shop_waterfront,
          kennysheep_mini, nicolae_shop_stone
D:6:      cheibrodos_fertilizer, layout_basic, grunt_temple_overflow_open,
          tso_altar

Skill      XL: |  1  2  3  4  5  6  7 |
---------------+----------------------+-----
Bows           | 3 4 5 6 7 9 |  9.3
Fighting       | 1 |  1.0
Spellcasting   | 2 3 4 5 |  5.0
Dodging        | 3 |  3.0
Hexes          | 5 |  5.0
Translocations | 2 |  2.6

Action                   |  1- 3 |  4- 6 |  7- 9 || total
-------------------------+-------+-------+-------++-------
Melee: Quarterstaff      |       |     9 |       ||     9
 Fire: Shortbow          |    96 |   189 |    76 ||   361
 Cast: Corona            |    19 |     3 |     3 ||    25
       Slow              |    11 |    34 |    12 ||    57
  Use: Scroll            |       |       |     2 ||     2
Armor: Robe              |     1 |    11 |     3 ||    15
Dodge: Dodged            |    11 |    53 |    10 ||    74

Table legend: (Time is in decaauts)
 A = Elapsed time spent in this place.
 B = Non-inter-level travel time spent in this place.
 C = Inter-level travel time spent in this place.
 D = Time resting spent in this place.
 E = Time spent auto-exploring this place.
 F = Levels seen in this place.
 G = Mean time per level.
                   A        B        C        D        E       F      G
               +--------+--------+--------+--------+--------+-----+--------+
         Total |   5443 |   5168 |    275 |   1180 |    994 |   6 |  907.2 |
       Dungeon |   5443 |   5168 |    275 |   1180 |    994 |   6 |  907.2 |
               +--------+--------+--------+--------+--------+-----+--------+

Top non-repeatable levels by time:
     D:3: 1483 daAuts
     D:2: 1392 daAuts
     D:1: 1012 daAuts
     D:5: 883 daAuts
     D:4: 615 daAuts
     D:6: 55 daAuts
